 Dungeon Crawl Stone Soup version 0.28-a0-706-gf6f64a616a (webtiles) character file.

Game seed: 12974172249248975938

25 ytrimaz the Skirmisher (level 3, 12/30 HPs)
             Began as a Formicid Monk on Oct 24, 2021.
             Was a Priest of Elyvilon.
             Quit the game on level 1 of the Dungeon.
             The game lasted 00:01:37 (1228 turns).

ytrimaz the Skirmisher (Formicid Monk)              Turns: 1228, Time: 00:01:38

Health: 12/30      AC:  2    Str: 16    XL:     3   Next: 20%
Magic:  3/3        EV: 12    Int:  9    God:    Elyvilon [***...]
Gold:   44         SH:  0    Dex: 13    Spells: 2/2 levels left

rFire   . . .      SeeInvis +   a - +0 hand axe
rCold   . . .      Faith    .   (no shield)
rNeg    . . .      Spirit   .   b - +0 robe
rPois   .          Reflect  .   (helmet unavailable)
rElec   .          Harm     .   (no cloak)
rCorr   .          Rampage  .   (no gloves)
Will    .....                   (no boots)
Stlth   ++........              (no amulet)
HPRegen 0.10/turn               (no ring)
MPRegen 0.08/turn               (no ring)

@: no status effects
A: permanent stasis, dig shafts and tunnels, antennae 3, four strong arms
a: Dig, Shaft Self, Renounce Religion, Lesser Healing, Heal Other, Purification,
Divine Protection


You were on level 1 of the Dungeon.
You worshipped Elyvilon.
Elyvilon was most pleased with you.
You visited 1 branch of the dungeon, and saw 2 of its levels.

You collected 44 gold pieces.

Inventory:

Hand Weapons
 a - a +0 hand axe (weapon)
Armour
 b - a +0 robe (worn)
Scrolls
 d - a scroll of immolation {unknown}
Potions
 c - 2 potions of heal wounds {unknown}
 e - a potion of haste {unknown}


   Skills:
 * Level 3.7 Fighting
 * Level 3.7 Axes
 * Level 0.6 Armour
 - Level 2.6 Dodging
 - Level 2.4 Stealth


You had 2 spell levels left.
You didn't know any spells.
Your spell library was empty.

Dungeon Overview and Level Annotations

Branches:
Dungeon (2/15)

Altars:
Elyvilon


Innate Abilities, Weirdness & Mutations

You cannot be hasted, slowed, berserked, paralysed or teleported.
You can dig through walls and to a lower floor.
You have a pair of large antennae on your head. (SInv)
Your four strong arms can wield two-handed weapons with a shield.


Message History

You barely miss the jackal.
The jackal is severely wounded.
You hit the kobold but do no damage. The jackal closely misses you.
The kobold hits you with a +0 short sword.
You completely miss the jackal.
The jackal is severely wounded.
You barely miss the kobold.
The jackal bites you but does no damage.
The kobold hits you with a +0 short sword.
The jackal closely misses you.
You barely miss the jackal.
The jackal is severely wounded.
You hit the kobold.
You kill the kobold!
The jackal barely misses you.
You hit the jackal.
The jackal is almost dead.
The jackal bites you. The jackal barely misses you.
You closely miss the jackal.
The jackal is almost dead.
The jackal closely misses you.
You barely miss the jackal.
The jackal is almost dead.
The jackal closely misses you. The jackal barely misses you.
You hit the jackal but do no damage.
The jackal is almost dead.
The jackal bites you but does no damage.
You hit the jackal.
You kill the jackal!
You see here a jackal corpse.
You start resting.
A quokka comes into view.
You see here a +0 short sword.
The quokka bites you.
You slash the quokka!
You kill the quokka!
You can now purify yourself.
You see here a quokka corpse.
A rat comes into view.
Are you sure you want to abandon this character and quit the game? (Confirm with "yes".)

#.#..#'#..#..#
#.'..#_#..#..#
#.#..###..#..#
##.#.......#..#
#..#.......#..#
#..#########.†#
##.............######
#...................#
###.....##......@######
#.......##.......#
###.######.......#
≈≈♣≈♣≈≈≈≈#.......#
.P...♣..≈#..####r#
PPP.♣♣♣.≈#.# #.#
.P...♣..≈#.# #.#
.......♣♣#.### #.#
...<.........# .#


You could see a rat.

Vanquished Creatures
  A dart slug (D:1)
  2 endoplasms (D:1)
  A giant cockroach (D:1)
  2 goblins (D:1)
  A hobgoblin (D:1)
  4 jackals (D:1)
  3 kobolds (D:1)
  A quokka (D:1)
  2 bats (D:1)
  A frilled lizard (D:1)
  2 rats (D:1)
20 creatures vanquished.

Vanquished Creatures (others)
  5 toadstools (D:1)
5 creatures vanquished.

Grand Total: 25 creatures vanquished

Notes
Turn   | Place    | Note
-------+----------+-------------------------------------------
     0 | D:1      | ytrimaz the Formicid Monk began the quest for the Orb.
     0 | D:1      | Reached XP level 1. HP: 18/18 MP: 1/1
   369 | D:1      | Reached XP level 2. HP: 3/24 MP: 2/2
  1148 | D:1      | Found a faded altar of an unknown god.
  1151 | D:1      | Prayed at the altar of an unknown god.
  1151 | D:1      | Became a worshipper of Elyvilon the Healer
  1151 | D:1      | Reached * piety under Elyvilon
  1151 | D:1      | Reached ** piety under Elyvilon
  1186 | D:1      | Reached XP level 3. HP: 30/30 MP: 3/3
  1224 | D:1      | Reached *** piety under Elyvilon
  1228 | D:1      | Quit the game

Illustrated notes

Levels and vault maps discovered:
D:1:      ldierk_walled_garden, layout_rooms,
          hellmonk_ecumenical_altar_inner_sanctum
D:2:      layout_loops_cross, hangedman_feature_mirror

Action                   || total
-------------------------++-------
Melee: Hand axe          ||    84
 Abil: Dig               ||     1
  Use: Scroll            ||     1
 Stab: Sleeping          ||     1
Armor: Robe              ||    27
Dodge: Dodged            ||    80

Table legend: (Time is in decaauts)
 A = Elapsed time spent in this place.
 B = Non-inter-level travel time spent in this place.
 C = Inter-level travel time spent in this place.
 D = Time resting spent in this place.
 E = Time spent auto-exploring this place.
 F = Levels seen in this place.
 G = Mean time per level.
                   A        B        C        D        E       F      G
               +--------+--------+--------+--------+--------+-----+--------+
         Total |   1241 |   1241 |      0 |    294 |    712 |   2 |  620.5 |
       Dungeon |   1241 |   1241 |      0 |    294 |    712 |   2 |  620.5 |
               +--------+--------+--------+--------+--------+-----+--------+

Top non-repeatable levels by time:
     D:1: 1122 daAuts
     D:2: 118 daAuts
